Cogmind - Beta 13 @@@ ROGUE MODE // 2024.05.20 @ 00:29:39 Player: Crackrock_Steady Result: Destroyed by G-47 Trooper with Particle Gun Performance ------------- Evolutions (2) 1000 Regions Visited (5) 1000 Robots Destroyed (52) 260 Value Destroyed (1292) 1292 Prototype IDs (3) 60 Alien Tech Used (0) 0 Bonus (85) 85 TOTAL SCORE: 3697 Bonus ------- Follower Combat Kills 85 Cogmind --------- Core Integrity 0/550 Matter 295/300 Energy 100/100 System Corruption 1% Temperature Cool (9) Movement Treading (160) Location -8/Materials Parts ------- > --- POWER (1) -------- (None) > --- PROPULSION (5) --- Light Treads > --- UTILITY (3) ------ (None) > --- WEAPON (2) ------- Katana > --- INVENTORY (5) ---- Weight Redist. System Seismic Detector Peak State ------------ > --- POWER ------------ Light Ion Engine > --- PROPULSION ------- Aluminum Leg Aluminum Leg Carbon-fiber Leg Carbon-fiber Leg > --- UTILITY ---------- (None) > --- WEAPON ----------- Enhanced Autogun Improved Light Cannon > --- INVENTORY -------- Aluminum Leg Weight Redist. System Seismic Detector Katana Katana [Rating: 16] Favorites ----------- Power Ion Engine Engine Ion Engine Propulsion Light Treads Treads Light Treads Leg Aluminum Leg Flight Unit Flight Unit Utility Seismic Detector Device Seismic Detector Storage Small Storage Unit Protection Hardened Light Armor Plating Weapon Light Cannon Ballistic Gun Assault Rifle Ballistic Cannon Light Cannon Launcher Grenade Launcher Slashing Weapon Katana Build | -11 -10 -10 -9 -9 -8 ------- Run | Yrd Mat Min Mat Min Mat Slots Evolved 4 | . . . 2 . 2 Power . | . . . . . . Propulsion 3 | . . . 2 . 1 Utility 1 | . . . . . 1 Weapon . | . . . . . . Parts Attached 50 | 7 3 1 10 10 19 Power 5 | 1 . . 1 1 2 Engine 5 | 1 . . 1 1 2 Core . | . . . . . . Reactor . | . . . . . . Propulsion 17 | 2 1 1 3 4 6 Treads 5 | 2 1 1 . . 1 Leg 7 | . . . . 2 5 Wheel . | . . . . . . Hover . | . . . . . . Flight 5 | . . . 3 2 . Utility 6 | 2 . . 1 1 2 Device 1 | 1 . . . . . Storage 1 | 1 . . . . . Processor . | . . . . . . Hackware . | . . . . . . Protection 4 | . . . 1 1 2 Artifact . | . . . . . . Weapon 22 | 2 2 . 5 4 9 Energy Gun . | . . . . . . Energy Cannon . | . . . . . . Ballistic Gun 6 | 2 1 . . . 3 Ballistic Cannon 4 | . 1 . 1 . 2 Launcher 6 | . . . 2 2 2 Special Weapon . | . . . . . . Impact Weapon . | . . . . . . Slashing Weapon 6 | . . . 2 2 2 Piercing Weapon . | . . . . . . Special Melee Weapon . | . . . . . . Unidentified Prototypes 1 | . . . . . 1 Parts Lost 27 | . . . 6 . 21 Power 5 | . . . 2 . 3 Propulsion 12 | . . . 3 . 9 Utility 5 | . . . 1 . 4 Weapon 5 | . . . . . 5 Highest Loss Streak 9 | . . . 6 . 9 To Critical Strikes . | . . . . . . Average Slot Usage (%) 76 | . 99 100 72 67 45 Engine 10 | . 14 14 10 9 4 Treads 10 | . 27 28 . . . Leg 9 | . . . . 18 17 Flight 6 | . . . 30 6 4 Device 10 | . 14 14 11 11 2 Storage 5 | . 14 14 . . . Protection 5 | . . . 10 10 4 Ballistic Gun 6 | . 14 14 . . 4 Ballistic Cannon 6 | . 14 14 8 . 3 Slashing Weapon 3 | . . . 1 8 4 Naked Turns . | . . . . . . Heaviest Build 18 | 13 16 16 12 12 18 Greatest Support 50 | 40 40 40 12 20 50 Greatest Overweight (x) 5 | 3 . . 1 3 5 Average Overweight (x) . | . . . . . . Largest Inventory Capacity 8 | 8 8 8 8 5 5 Average Capacity 6 | 7 8 8 5 5 5 Most Carried 8 | 7 8 8 8 5 5 Average Carried 5 | 4 6 7 4 4 4 Final Capacity 8 | 8 8 8 5 5 5 Final Carried 8 | 4 7 8 5 5 2 Class Distribution -------------------- 60% | Mutant 39% | Scavenger-Mutant Dominant Class ---------------- Mutant | -10/Materials Mutant | -10/Mines Scavenger-Mutant | -9/Materials Scavenger-Mutant | -9/Mines Mutant | -8/Materials Resources | -11 -10 -10 -9 -9 -8 ----------- Run | Yrd Mat Min Mat Min Mat Matter Collected 1156 | 350 30 75 125 216 360 Remotely . | . . . . . . Salvage Created 1308 | 174 13 36 349 93 643 Parts 99 | 10 2 5 31 12 39 Haulers Intercepted 1 | . . . 1 . . Recyclers Shooed 1 | . . . . 1 . Parts Field Recycled . | . . . . . . Retrieved Matter . | . . . . . . Parts Self-Destructed . | . . . . . . Prevented . | . . . . . . Kills | -11 -10 -10 -9 -9 -8 ------- Run | Yrd Mat Min Mat Min Mat Combat Hostiles Destroyed 35 | . 2 3 9 6 15 Melee 3 | . . . . 1 2 Guns 3 | . 1 2 . . . Cannons 13 | . 1 1 3 . 8 AOE 16 | . . . 6 5 5 Classes Destroyed 10 | 2 1 . 4 1 2 Builder 7 | . . . . . 7 Tunneler 6 | 4 . . . 2 . Hauler 1 | . . . 1 . . Recycler 3 | 1 . . 1 . 1 Operator 1 | . . . 1 . . Swarmer 10 | . 2 3 . 5 . Grunt 17 | . . . 8 . 9 Sentry 4 | . . . 1 . 3 Hunter 3 | . . . . . 3 Assembled 1 | . . . . 1 . Best Kill Streak 17 | 1 2 3 5 5 17 Combat Bots Only 11 | . 2 3 4 4 11 Max Kills in Single Turn 4 | 1 1 2 4 4 3 Gunslinging . | . . . . . . Exploded 4 | . . . 2 4 1 Melee 1 | . . . . 1 1 Uniques/NPCs Destroyed . | . . . . . . Combat | -11 -10 -10 -9 -9 -8 -------- Run | Yrd Mat Min Mat Min Mat Hostile Shots Fired 350 | . 23 8 79 25 215 Missed 130 | . 7 3 34 8 78 Damage Taken 3118 | . 207 38 587 186 2100 Core 880 | . 91 . 209 27 553 Absorbed by Shields . | . . . . . . Core Remaining (%) 68 | 100 . 63 . 41 . Volleys Fired 108 | 40 10 3 22 3 30 Largest 2 | 2 2 2 1 1 2 Hottest 69 | 40 55 55 35 30 69 Shots Fired 182 | 80 20 6 22 3 51 Gun 112 | 80 10 3 . . 19 Cannon 53 | . 10 3 17 . 23 Launcher 17 | . . . 5 3 9 Special . | . . . . . . Kinetic 165 | 80 20 6 17 . 42 Thermal . | . . . . . . Explosive 17 | . . . 5 3 9 Electromagnetic . | . . . . . . Robot Hit Streak 12 | 12 2 1 7 1 10 Robot Miss Streak 5 | 3 5 1 3 1 3 Penetration Max . | . . . . . . Secondary Targets . | . . . . . . Shots Hit Robots 131 | 52 6 3 19 8 43 Core Hits 86 | 14 2 3 15 6 46 Critical Kills . | . . . . . . Critical Parts Destroyed . | . . . . . . Critical Strikes 3 | . . . 2 . 1 Blast 3 | . . . 2 . 1 Melee Attacks 24 | . . . 4 7 13 Impact . | . . . . . . Slashing 24 | . . . 4 7 13 Piercing . | . . . . . . Sneak Attacks 3 | . . . . 3 . Combat Hostiles . | . . . . . . Follow-up Attacks . | . . . . . . Damage Inflicted 3431 | 458 94 81 825 467 1506 Guns 651 | 458 25 26 . . 142 Cannons 777 | . 69 55 228 . 425 Explosions 1416 | . . . 502 190 724 Melee 583 | . . . 95 273 215 Ramming 4 | . . . . 4 . Kinetic 1428 | 458 94 81 228 . 567 Thermal . | . . . . . . Explosive 1416 | . . . 502 190 724 Electromagnetic . | . . . . . . Impact . | . . . . . . Slashing 583 | . . . 95 273 215 Piercing . | . . . . . . Highest Corruption 1 | . . . . . 1 Average Corruption 1 | . . . . . 1 Corruption Purged . | . . . . . . Corruption Blocked . | . . . . . . Effects 4 | . . . . . 4 Message Errors 1 | . . . . . 1 Matter Fused 2 | . . . . . 2 Energy Discharges 1 | . . . . . 1 Overload Shots . | . . . . . . Overflow Damage 86 | . . . 17 67 2 Projectiles 5 | . . . 5 . . Explosions 14 | . . . 12 . 2 Melee 67 | . . . . 67 . Knockbacks 8 | . . 2 1 1 4 Impact 1 | . . . . 1 . Kinetic 7 | . . 2 1 . 4 Secondary . | . . . . . . Self-Inflicted Damage 72 | . . . 19 36 17 Shots 3 | . . . 1 1 1 Rammed . | . . . . . . Targets Rammed 1 | . . . . 1 . Kicked 1 | . . . . 1 . Crushed . | . . . . . . Highest Temperature 37 | . . . 27 . 37 Average Temperature 11 | . . . 11 . 11 Received Heat Transfer 969 | . 12 . 264 18 675 Siege Activations . | . . . . . . Robots Corrupted . | . . . . . . Combat Hostiles . | . . . . . . Parts Fried . | . . . . . . Impact Corruptions . | . . . . . . Robots Melted . | . . . . . . Combat Hostiles . | . . . . . . Parts Melted . | . . . . . . Heat Transferred . | . . . . . . Parts Sabotaged . | . . . . . . Parts Stolen . | . . . . . . Parts Stripped . | . . . . . . Power Chain Reactions . | . . . . . . Alert | -11 -10 -10 -9 -9 -8 ------- Run | Yrd Mat Min Mat Min Mat Peak Influence 363 | 25 68 70 363 253 356 Initial 131 | . . . 27 131 67 Average 111 | 10 48 69 116 163 224 Maximum Alert Level 1 | . . . 1 1 1 Low Security (%) 74 | 100 100 100 76 52 36 Level 1 25 | . . . 23 47 63 Level 2 . | . . . . . . Level 3 . | . . . . . . Level 4 . | . . . . . . Level 5 . | . . . . . . High Security . | . . . . . . Max Security . | . . . . . . Squads Dispatched 7 | . 1 . 3 . 3 Investigation 4 | . 1 . 1 . 2 Extermination . | . . . . . . Reinforcement 3 | . . . 2 . 1 Assault . | . . . . . . Garrison . | . . . . . . Intercept . | . . . . . . Searches Triggered . | . . . . . . Construction Impeded 1 | . . . 1 . . Haulers Reinforced . | . . . . . . Active Scanning Responses . | . . . . . . Cargo Convoy Interrupts . | . . . . . . Stealth | -11 -10 -10 -9 -9 -8 --------- Run | Yrd Mat Min Mat Min Mat Distress Signals 3 | . . . 2 . 1 Communications Jammed . | . . . . . . Distress Signals . | . . . . . . Times Spotted 61 | . 4 2 23 10 22 Peak Tracking Total 11 | . 3 2 11 4 10 Tactical Retreats 3 | . . . 1 1 1 Traps | -11 -10 -10 -9 -9 -8 ------- Run | Yrd Mat Min Mat Min Mat Traps Triggered 2 | . 1 . 1 . . Indirectly . | . . . . . . Trap Hack Attempts . | . . . . . . Triggered . | . . . . . . Disarmed . | . . . . . . Reprogrammed . | . . . . . . Reused . | . . . . . . Traps Extracted . | . . . . . . Installed . | . . . . . . Triggered . | . . . . . . Machines | -11 -10 -10 -9 -9 -8 ---------- Run | Yrd Mat Min Mat Min Mat Machines Disabled 2 | . . . 2 . . Max in Single Turn 1 | . . . 1 . . Machines Repaired . | . . . . . . Machines Dismantled . | . . . . . . Machines Sabotaged . | . . . . . . Overloaded Fab Kills . | . . . . . . Hacking | -11 -10 -10 -9 -9 -8 --------- Run | Yrd Mat Min Mat Min Mat Machines Accessed 6 | . 1 1 2 . 2 Terminals 5 | . 1 . 2 . 2 Fabricators . | . . . . . . Repair Stations . | . . . . . . Recycling Units . | . . . . . . Scanalyzers . | . . . . . . Garrison Access . | . . . . . . Total Hacks 16 | . 6 1 3 . 6 Successful 6 | . 3 1 2 . . Failed 10 | . 3 . 1 . 6 Catastrophic 3 | . . . . . 3 Database Lockouts . | . . . . . . Manual 12 | . 5 1 . . 6 Terminals 15 | . 6 . 3 . 6 Fabricators . | . . . . . . Repair Stations . | . . . . . . Recycling Units . | . . . . . . Scanalyzers . | . . . . . . Garrison Access . | . . . . . . Terminal Hacks 6 | . 3 1 2 . . Robot Analysis 3 | . 2 . 1 . . Prototype ID Bank 1 | . 1 . . . . Open Door 1 | . . 1 . . . Emergency Access Points 1 | . . . 1 . . Fabricator Hacks . | . . . . . . Repair Station Hacks . | . . . . . . Recycling Unit Hacks . | . . . . . . Scanalyzer . | . . . . . . Garrison Access Hacks . | . . . . . . Unauthorized Hacks . | . . . . . . Terminals . | . . . . . . Fabricators . | . . . . . . Repair Stations . | . . . . . . Recycling Units . | . . . . . . Scanalyzers . | . . . . . . Garrison Access . | . . . . . . Data Cores Recovered . | . . . . . . Used . | . . . . . . Hacking Detections 4 | . 1 . 1 . 2 Full Trace Events 3 | . 1 . . . 2 Feedback Events 1 | . . . . . 1 Corruption 1 | . . . . . 1 Feedback Blocked . | . . . . . . Robot Schematics Acquired . | . . . . . . Robots Built . | . . . . . . Authchips . | . . . . . . Time . | . . . . . . Total Robot Build Rating . | . . . . . . Part Schematics Acquired . | . . . . . . Parts Built . | . . . . . . Authchips . | . . . . . . Time . | . . . . . . Total Part Build Rating . | . . . . . . Parts Repaired . | . . . . . . Time . | . . . . . . Parts Recycled . | . . . . . . Recycled Matter . | . . . . . . Retrieved Matter . | . . . . . . Retrieved Components . | . . . . . . Parts Scanalyzed . | . . . . . . Part Schematics Acquired . | . . . . . . Parts Damaged . | . . . . . . Bothacking | -11 -10 -10 -9 -9 -8 ------------ Run | Yrd Mat Min Mat Min Mat Used RIF Installer . | . . . . . . Robots Hacked . | . . . . . . Non-combat . | . . . . . . Combat . | . . . . . . Robot Hacks Applied . | . . . . . . Relay Couplers Released . | . . . . . . Fabnet Peak Effective % . | . . . . . . Robots Rewired . | . . . . . . Allies Hacked . | . . . . . . Hacks Repelled . | . . . . . . Allies | -11 -10 -10 -9 -9 -8 -------- Run | Yrd Mat Min Mat Min Mat Total Allies 4 | . . 1 . 3 . Largest Group 3 | . . 1 . 3 3 Highest-Rated Group 40 | . . 31 . 40 40 Highest-Rated Ally 31 | . . 31 . 16 16 Total Orders . | . . . . . . Ally Attacks 22 | . . . . 12 10 Total Damage 268 | . . . . 169 99 Kills 4 | . . . . 3 1 Allies Corrupted . | . . . . . . Allies Melted . | . . . . . . Intel | -11 -10 -10 -9 -9 -8 ------- Run | Yrd Mat Min Mat Min Mat Robot Analysis Total 3 | . 2 . 1 . . Derelict Logs Recovered 2 | . . . . 2 . Drone Launches . | . . . . . . Drone Recoveries . | . . . . . . Exploration | -11 -10 -10 -9 -9 -8 ------------- Run | Yrd Mat Min Mat Min Mat Turns Passed 2612 | 402 479 352 253 709 417 Spaces Moved 1382 | 180 141 206 234 433 188 Core 131 | 28 . . 15 66 22 Treads 504 | 152 141 206 . . 5 Legs 527 | . . . . 366 161 Wheels . | . . . . . . Hover . | . . . . . . Flight 220 | . . . 219 1 . Fastest Speed 34 | 50 160 160 34 50 50 Average Speed 123 | 156 160 160 40 120 132 Slowest Speed 300 | 200 160 160 117 220 300 Overloaded Moves . | . . . . . . Propulsion Burnouts . | . . . . . . Robots Hopped 3 | . . . 3 . . Cave-ins Triggered . | . . . . . . Exploration Rate (%) 32 | 8 23 50 25 79 11 Regions Visited 5 Branch Regions 2 Pre-discovered Areas . | . . . . . . Known Exits Taken . | . . . . . . Unknown Exits Taken 5 | 1 1 1 1 1 . Scrap Searched 4 | . . 1 . 3 . Spaces Dug 5 | . . . 1 . 4 Terrain Destroyed 112 | . . . 34 27 51 Melee 5 | . . . 1 . 4 Projectile 2 | . . . . . 2 AOE 105 | . . . 33 27 45 Terrain Rammed . | . . . . . . Walls Destroyed . | . . . . . . Machines Disabled . | . . . . . . Actions | -11 -10 -10 -9 -9 -8 --------- Run | Yrd Mat Min Mat Min Mat Total 2086 | 236 375 224 362 602 287 Wait 478 | . 214 7 81 145 31 Move 1371 | 179 140 205 227 432 188 Hop 3 | . . . 3 . . Pick Up 37 | 10 6 4 7 4 6 Fast Attach 9 | 1 . . . 2 6 Attach 26 | 6 1 . 6 4 9 Detach . | . . . . . . Swap 15 | . 2 1 4 4 4 Drop 14 | . 2 4 8 . . Fire 108 | 40 10 3 22 3 30 Melee 24 | . . . 4 7 13 Ram . | . . . . . . Kick 1 | . . . . 1 . Crush . | . . . . . . Escape Stasis . | . . . . . . Rewire . | . . . . . . Trap . | . . . . . . Miscellaneous . | . . . . . . Route ------- -11/Scrapyard -10/Materials -10/Mines -9/Materials -9/Mines -8/Materials (discovered 2 exits: Fac x2) History --------- Turn | Location | Event 31 | -11/Scrapyard | Discovered new exit (range 13) 403 | -11/Scrapyard | Entered Materials 439 | -10/Materials | Build established: Mutant 871 | -10/Materials | Discovered new exit (range 8) 882 | -10/Materials | Entered Mines 954 | -10/Mines | Received a Mining Laser from a helpful Derelict 996 | -10/Mines | Found the Drone Emporium 1007 | -10/Mines | Found Prototype Device 1212 | -10/Mines | Discovered new exit (range 14) 1234 | -10/Mines | Entered Materials 1234 | -9/Materials | Evolved 2 slots: Propulsion x2 1479 | -9/Materials | Discovered new exit (range 12) 1487 | -9/Materials | Core integrity fell below 50% 1487 | -9/Materials | Entered Mines 1491 | -9/Mines | Learned Materials stockpile data 1509 | -9/Mines | Lost 6 parts (2p3n1u) 1790 | -9/Mines | Assembled infested the area 1856 | -9/Mines | Build established: Scavenger-Mutant 1999 | -9/Mines | Discovered new exit (range 7) 2016 | -9/Mines | Learned location of 2 exits from Materials 2058 | -9/Mines | Assisted by bots powering up and referring to "LRC-V3" 2196 | -9/Mines | Entered Materials 2196 | -8/Materials | Accompanied by 3 allies 2196 | -8/Materials | Evolved 2 slots: Propulsion x1, Utility x1 2197 | -8/Materials | Identified exit to Factory 2299 | -8/Materials | Lost 3 allies 2380 | -8/Materials | Lost 7 parts (1p3n2u1w) 2381 | -8/Materials | Destroyed 11 combat bots 2525 | -8/Materials | Core integrity fell below 50% 2575 | -8/Materials | Lost 9 parts (2p4n3w) 2607 | -8/Materials | Core integrity fell below 20% 2613 | -8/Materials | Destroyed by G-47 Trooper with Particle Gun Last Messages --------------- 02546_ Acquired Hrd. Medium Armor Plating. 02546_ The unstable cave ceiling collapses. 02546_ Y-45 Defender crushed by falling debris. 02550_ Acquired Hrd. Medium Armor Plating. 02550_ ALERT: Suspicious intruders detected, dispatching Specialist reinforcements to area. 02551_ Critical hit (Burn: +37). 02554_ Electrolysis Chamber disabled. 02566_ Y-45 Defender destroyed. 02568_ Acquired 16 matter. 02582_ System corrupted: Matter fused (-10). 02584_ G-47 Trooper destroyed. 02587_ The unstable cave ceiling collapses. 02587_ Acquired 55 matter. 02596_ Knocked back. 02602_ Acquired Lgt. Treads. 02602_ Hrd. Medium Armor Plating destroyed. 02608_ K-01 Serf collects debris. 02611_ Hrd. Medium Armor Plating destroyed. 02612_ K-01 Serf collects debris. Map ----- +----------------------------------------------------+ | ?????????????????????????????????????????? | | ?????????????????????????????????????????? | | ?????????????????????????????????????????? | | ???????????????## ??????######???????????? | | ???????????????# ##### ############# | | ???????????????# !%% !! | | ???????????????# !| ! | | ???????????????# ##### ############# | | ????????????????????????##/########??????# | | ????????????????????????# #??????# | | ????????????????????????# """ #??##### | | ????????????????????????# """ #??# | | ????????????????????????# """ #??# | | ????????????????????????# """ !* #??#% | | ????????????????????????# """ * #??# "T | | ????????????????????????# #??# "" | | ????????????????????????# #??# | | ????????????????????????###"#######??##### | | ????????????????????????#####????????????? | | ???????????????????????#####?????????????? | | ???????????????#########;##??????????????? | | ???????????????# k !%=##???????????????? | | ???????????????# """ *%#????????????????? | | ?????###+##????# """ #????????????????? | | ?????# # " H #????????????????? | | ?????# /x@ #????????????????? | | ?????????## # #????????????????? | | ??????????##???#gx ! #????????????????? | | ???????????????# ![! !#????????????????? | | ???????????????# ![! #????????????????? | | ???????????????##########????????????????? | | ?????????????????????????????????????????? | | ?????????????????????????????????????????? | | ?????????????????????????????????????????? | | ?????????????????????????????????????????? | | ?????????????????????????????????????????? | | ?????????????????????????????????????????? | | ?????????????????????????????????????????? | | | | | | | | | | | | | | | | | | | | | | | | | +----------------------------------------------------+ Best States ------------- Heat Dissipation 31 Energy Generation 14 Energy Capacity 250 Matter Stores 300 Matter Capacity 300 Sight Range 16 Terrain Scan Density 10 Armor Coverage 450 Evasion (%) 63 Recoil Reduction 2 Item Schematics ----------------- None Robot Schematics ------------------ None Fabricated ------------ Nothing Alien Tech Used ----------------- None Achievements -------------- None Challenges ------------ None Game ------ Seed GravitonSlugSaw Manual? 0 Play Time 00:25:33 Cumulative 12.2 hours Start 2024.05.20 @ 00:06:09 End 2024.05.20 @ 00:29:39 Sessions 1 Manual Loads 0 Difficulty Rogue Special Mode None Game No. 27 Rogue 27 Adventurer 0 Explorer 0 Win Type - Total 0 Types 0/0/0/0/0/0/0/0/0 Lore% 13 Gallery% 17 Achievement% 17 Wizard Run 0 Options --------- Layout 1 ASCII 0 Keyboard 0 Movement Mouse Keybinds 0 Fullscreen 1 Font 24/Smallcaps Map View 50x35 Zoom Use 0% Tactical HUD 1 Map Filters NONE Filters NONE Steam 1 RUN: 19841b2c-297f-4252-a27f-ae924af6d4f9